 Dungeon Crawl Stone Soup version 0.30-a0-458-g86641cc369 (webtiles) character file.

Game seed: 9902471903113375340

141022 freelancePsychic the Warrior (level 17, -12/147 HPs)
             Began as a Human Gladiator on Dec 14, 2022.
             Was a High Priest of Fedhas.
             Splashed with acid (38 damage)
             ... in an ice cave.
             The game lasted 01:02:40 (31262 turns).

freelancePsychic the Warrior (Human Gladiator)     Turns: 31262, Time: 01:02:41

Health: -12/147    AC: 24    Str: 17    XL:     17   Next: 93%
Magic:  13/26      EV: 20    Int:  8    God:    Fedhas [*****.]
Gold:   373        SH: 21    Dex: 26    Spells: 16/16 levels left

rFire   . . .      SeeInvis +    a - +6 scimitar (holy)
rCold   + . .      Faith    .    X - +2 kite shield {rC+}
rNeg    . . .      Spirit   .    H - +4 troll leather armour {Snorg}
rPois   +          Reflect  +    c - +2 helmet
rElec   .          Harm     .    h - +0 cloak
rCorr   .          Rampage  .    z - +2 pair of gloves
Will    +....                    O - +0 pair of boots
Stlth   +++.......               U - amulet of reflection
HPRegen 1.24/turn                m - ring of Zumeittu {AC+4 Dex+5 SInv}
MPRegen 0.20/turn                Y - ring of poison resistance

@: no status effects
A: no striking features
a: Renounce Religion, Wall of Briars, Grow Ballistomycete, Overgrow, Grow Oklob


You were in an ice cave.
You worshipped Fedhas.
Fedhas was extremely pleased with you.
You visited 6 branches of the dungeon, and saw 27 of its levels.
You visited 1 bazaar.
You also visited: Ice Cave.

You collected 2328 gold pieces.
You spent 1955 gold pieces at shops.

Inventory:

Hand Weapons
 a - a +6 scimitar of holy wrath (weapon)
 b - the +7 short sword "Doteawutz" {vorpal, Int+4}
   (You found it on level 8 of the Dungeon)

   It inflicts extra damage upon your enemies.
   Int:       It affects your intelligence (+4).
Missiles
 r - 4 boomerangs (quivered)
 B - 8 silver javelins
 C - 2 throwing nets
 N - 10 javelins
Armour
 c - a +2 helmet (worn)
 h - a +0 cloak (worn)
 z - a +2 pair of gloves (worn)
 H - a +4 troll leather armour (worn) {Snorg}
 O - a +0 pair of boots (worn)
 X - a +2 kite shield of cold resistance (worn)
Jewellery
 d - the amulet of Life {RegenMP rPois}
   (You found it in an ice cave)

   [amulet of magic regeneration]

   It increases your rate of magic regeneration.
   rPois:     It protects you from poison.
 f - a ring of resist corrosion
 m - the ring of Zumeittu (left hand) {AC+4 Dex+5 SInv}
   (You bought it in a shop on level 2 of the Orcish Mines)

   [ring of protection]

   AC:        It affects your AC (+4).
   Dex:       It affects your dexterity (+5).
   SInv:      It lets you see invisible.
 q - a +4 ring of slaying
 J - an amulet of guardian spirit
 M - a ring of protection from cold
 T - a +6 ring of strength
 U - an amulet of reflection (around neck)
 Y - a ring of poison resistance (right hand)
Wands
 e - a wand of polymorph (5)
 i - a wand of light (18)
 k - a wand of digging (11)
 u - a wand of flame (14)
 v - a wand of mindburst (33)
 w - a wand of charming (19)
 D - a wand of iceblast (11)
Scrolls
 n - 5 scrolls of fog
 t - 5 scrolls of magic mapping
 y - 6 scrolls of vulnerability
 E - a scroll of immolation
 I - 3 scrolls of noise
 K - 3 scrolls of enchant weapon
 Q - a scroll of blinking
 S - 2 scrolls of poison
 V - 5 scrolls of identify {@r1}
 W - a scroll of enchant armour
Potions
 g - 2 potions of ambrosia
 j - 6 potions of haste {@q3}
 l - a potion of berserk rage
 o - 3 potions of attraction
 p - 4 potions of brilliance
 s - 4 potions of lignification
 x - 4 potions of might
 A - 4 potions of mutation
 F - 5 potions of flight
 G - 2 potions of curing {@q1}
 L - 3 potions of invisibility
 P - a potion of heal wounds {@q2}
 R - a potion of resistance
 Z - a potion of cancellation {unknown}


   Skills:
 + Level 17.0 Fighting
 - Level 4.0(10.0) Short Blades
 - Level 14.0(14.2) Long Blades
 - Level 2.9 Throwing
 - Level 11.0 Armour
 - Level 10.2 Dodging
 - Level 3.2 Stealth
 * Level 11.1 Shields
 - Level 13.1 Invocations


You had 16 spell levels left.
You didn't know any spells.
Your spell library contained the following spells:

 Spells                   Type           Power      Damage    Failure   Level
 Apportation              Tloc           0%         N/A       71%         1
 Beastly Appendage        Tmut           0%         N/A       71%         1
 Magic Dart               Conj           0%         1d3       71%         1
 Blink                    Tloc           0%         N/A       85%         2
 Momentum Strike          Conj/Tloc      0%         3d8       85%         2
 Searing Ray              Conj           0%         2d4       85%         2
 Static Discharge         Conj/Air       0%         2-2/arc   85%         2
 Wereblood                Tmut           0%         N/A       85%         2
 Gell's Gravitas          Tloc           0%         N/A       97%         3
 Inner Flame              Hex/Fire       0%         N/A       97%         3
 Lesser Beckoning         Tloc           0%         N/A       97%         3
 Ozocubu's Armour         Ice            0%         N/A       97%         3
 Spider Form              Tmut/Pois      0%         N/A       97%         3
 Teleport Other           Tloc           0%         N/A       97%         3
 Vhi's Electric Charge    Tloc/Air       0%         N/A       97%         3
 Cause Fear               Hex            0%         N/A       100%        4
 Fulminant Prism          Conj/Hex       0%         3d5       100%        4
 Manifold Assault         Tloc           0%         N/A       100%        4
 Alistair's Intoxication  Tmut/Pois      0%         N/A       100%        5
 Arcjolt                  Conj/Air       0%         1d10      100%        5
 Blade Hands              Tmut           0%         N/A       100%        5
 Irradiate                Conj/Tmut      0%         3d11      100%        5
 Lightning Bolt           Conj/Air       0%         1d11      100%        5
 Dispersal                Tloc           0%         N/A       100%        6
 Dragon Form              Tmut           0%         N/A       100%        7
 Ozocubu's Refrigeration  Ice            0%         4d7       100%        7
 Storm Form               Tmut/Air       0%         N/A       100%        7
 Discord                  Hex            0%         N/A       100%        8


Dungeon Overview and Level Annotations

Branches:
Dungeon (15/15)            Temple (1/1) D:6            Lair (5/5) D:8
  Swamp (3/4) Lair:3       Spider (1/4) Lair:2        Slime (0/5) Lair:5
    Orc (2/2) D:9             Elf (0/3) Orc:2        Vaults (0/5) D:13
 Depths (0/4) D:15          IceCv (1/1)

Altars:
Cheibriados
Dithmenos
Elyvilon
Fedhas
Gozag
Hepliaklqana
Kikubaaqudgha
Nemelex Xobeh
Trog
Uskayaw
Vehumet
Xom
Yredelemnul
Zin
The Shining One
Jiyva

Shops:
D:4 *   Orc:2 ([*=

Annotations:
D:5 exclusion: two-headed ogre
D:8 exclusion: 2 doors
D:10 1 runed translucent door, exclusion: ogre mage
D:13 exclusion: 2 skeletal warriors
Lair:4 3 runed translucent doors, Kinepo's ghost, journeyman FoFi
Swamp:3 2 transporters, Donald; Iffuusoj's ghost, adept MiBe; Nikola


Message History

A ballistomycete grows from the ground.
The rockslime hits your briar patch!!
A ballistomycete spore comes into view.
Your ballistomycete spore explodes!
The azure jelly appears confused.
The explosion of spores engulfs the azure jelly!!
The azure jelly is moderately wounded.
Fedhas protects your plant from harm.
You barely miss the azure jelly.
The azure jelly is moderately wounded.
The azure jelly barely misses you. The azure jelly completely misses you.
The azure jelly barely misses you.
The azure jelly hits you but does no damage.
You slash the azure jelly!
The azure jelly is moderately wounded.
The azure jelly hits you but does no damage. x2
The azure jelly barely misses you. You block the azure jelly's attack.
A ballistomycete spore comes into view.
You strike the helpless azure jelly from behind!
You slice the azure jelly!!
The azure jelly is severely wounded.
The azure jelly hits you but does no damage.
You block the azure jelly's attack. x2
The azure jelly hits you but does no damage.
You barely miss the azure jelly.
The azure jelly is severely wounded.
The azure jelly hits you. The azure jelly freezes you! You resist.
You block the azure jelly's attack. x2; The azure jelly hits you.
* * * LOW HITPOINT WARNING * * *
A ballistomycete spore comes into view.
You are splashed with acid!!
* * * LOW HITPOINT WARNING * * *
The azure jelly seems less confused.
Your ballistomycete spore explodes!
Fedhas protects your plant from harm.
The azure jelly appears confused.
The explosion of spores engulfs the azure jelly!
The azure jelly is almost dead.
You are splashed with acid!!!
You die...
Fedhas appreciates your contribution to the ecosystem.

##...## ##...##
##.....# ##.....#
#......## #......##
#.......# #.......#
##.......# ##.......##
#....#...###...#.#...#
...#.##..##....#.#...#
..##.##..##....#.##..#
.##.)##..##...##@##..#
.#.(.#...##...#...#..#
.............##.J....#
##..#....##..##.*....#
#..##..####..##......#
#..#...# #..##.P....#
..##..## #..##J##..##
..##..# ##..##..##.#
...#..## #..###..####


You could see an azure jelly (confused, ally target), a rockslime, a friendly
ballistomycete (summoned) and a friendly ballistomycete spore.

Vanquished Creatures
  Jorgrun (D:15)
  The ghost of olddryhag the Severer, an adept DsGl of Wu Jian (Swamp:1)
  An azure jelly (IceCv)
  Kirke (Lair:4)
  A fenstrider witch (Swamp:3)
  An orc warlord (Orc:2)
  4 quicksilver oozes (IceCv)
  The ghost of bigduke15 the Protected, a journeyman MiFi of Qazlal (Orc:1)
  2 eleionomae (Swamp:2)
  A dire elephant (Lair:5)
  3 bunyips
  Snorg (Lair:4)
  8 vault guards
  11 hydras
  2 ice dragons (D:15)
  3 centaur warriors
  A rakshasa (D:15)
  A ghost crab (Swamp:1)
  A catoblepas (Lair:5)
  3 boulder beetles
  6 two-headed ogres
  13 alligators
  A deep troll shaman (Lair:5)
  3 tengu warriors
  11 death yaks
  4 orc high priests
  A spriggan berserker (Swamp:2)
  A deep elf knight (Swamp:2)
  4 spriggans
  Amaemon (D:10)
  8 goliath frogs
  2 skeletal warriors (D:13)
  5 swamp dragons
  2 spriggan druids
  5 bog bodies
  An orange crystal statue (IceCv)
  2 orc knights
  2 deep elf pyromancers
  10 ugly things
  6 orc sorcerers
  A wolf spider (D:13)
  5 cyclopes
  3 manticores
  2 will-o-the-wisps
  A moth of wrath (Swamp:1)
  Joseph (Lair:1)
  2 black mambas (Lair:5)
  14 elephants
  10 cane toads
  2 torpor snails
  4 gargoyles
  An orange demon (D:10)
  An unseen horror (D:12)
  6 rime drakes
  An efreet (D:14)
  A tengu conjurer (D:13)
  3 freezing wraiths (Spider:1)
  A yaktaur (shapeshifter) (D:8)
  3 komodo dragons
  A meliai (Lair:2)
  A bloated husk (Swamp:2)
  8 tyrant leeches
  5 polar bears
  6 hornets
  6 trolls
  18 blink frogs
  33 slime creatures
  13 dream sheep
  Sigmund (D:6)
  3 wyverns
  45 yaks
  2 wraiths
  A vampire (D:12)
  A basilisk (D:14)
  Grum (D:11)
  5 steam dragons
  5 hogs
  10 vampire mosquitoes
  2 wargs (Orc:1)
  9 swamp worms
  4 acid dragons
  17 water moccasins
  2 floating eyes (D:11)
  Pargi (D:4)
  17 orc warriors
  2 black bears
  6 ice beasts
  3 great orb of eyes simulacra (IceCv)
  3 swamp drakes
  9 ogres
  9 centaurs
  4 slime creature simulacra (IceCv)
  18 wolves
  A phantom (D:4)
  3 kobold brigands
  13 bullfrogs
  A gnoll sergeant (D:7)
  2 scorpions
  3 glowing shapeshifter simulacra (IceCv)
  2 wights (D:8)
  15 killer bees
  A howler monkey (D:4)
  3 jellies
  16 orc priests
  A hound (D:6)
  3 gnoll boudas
  4 iguanas
  21 orc wizards
  16 gnolls
  13 adders
  2 shadow imps
  A white imp (D:6)
  3 ufetubi
  4 worms
  4 dart slugs
  71 orcs
  7 endoplasms
  4 giant cockroaches
  11 hobgoblins
  16 kobolds
  3 quokkas
  2 ball pythons (D:1)
  4 bats
  A frilled lizard (D:1)
  7 goblins
  2 rats
  10 ballistomycete spores
739 creatures vanquished.

Vanquished Creatures (collateral kills)
  A ghost crab (Swamp:1)
  A spriggan druid (Swamp:1)
  2 orc knights (Orc:2)
  2 orc sorcerers (Orc:2)
  A komodo dragon (Lair:2)
  A tyrant leech (Swamp:1)
  6 orc warriors (Orc:2)
  2 wights (D:8)
  A killer bee (Lair:2)
  6 orc priests (Orc:2)
  An orc wizard (Orc:2)
  7 orcs (Orc:2)
  107 ballistomycete spores
138 creatures vanquished.

Vanquished Creatures (others)
  A thorn hunter (Swamp:3)
  3 bloated husks (Swamp:3)
  A human (Lair:5)
  2 vampire mosquitoes (Swamp:3)
  An orc warrior (Orc:2)
  An orc wizard (D:3)
  7 ballistomycete spores
  19 foxfires
  36 fungi
  33 plants
104 creatures vanquished.

Grand Total: 981 creatures vanquished

Notes
Turn   | Place    | Note
-------+----------+-------------------------------------------
     0 | D:1      | freelancePsychic the Human Gladiator began the quest for
                  | the Orb.
     0 | D:1      | Reached XP level 1. HP: 16/16 MP: 1/1
   191 | D:1      | Reached XP level 2. HP: 22/22 MP: 2/2
   909 | D:1      | Reached XP level 3. HP: 28/28 MP: 3/3
  1026 | D:2      | Reached XP level 4. HP: 25/34 MP: 4/4
  1502 | D:2      | Found an ancient bone altar of Kikubaaqudgha.
  1670 | D:3      | Reached XP level 5. HP: 20/40 MP: 5/5
  1868 | D:3      | Found a blossoming altar of Fedhas.
  1878 | D:3      | Became a worshipper of Fedhas Madash
  2058 | D:3      | Reached skill level 3 in Fighting
  2676 | D:4      | Found a glowing silver altar of Zin.
  2680 | D:4      | Found Zin's Purification Station.
  2738 | D:4      | Reached skill level 1 in Invocations
  2741 | D:4      | Noticed a black bear
  2760 | D:4      | Killed a black bear
  2761 | D:4      | Reached skill level 5 in Long Blades
  2761 | D:4      | Reached XP level 6. HP: 30/47 MP: 5/7
  2828 | D:4      | You fall into a shaft and drop 3 floors!
  2883 | D:7      | Reached XP level 7. HP: 19/53 MP: 8/8
  3034 | D:7      | Reached * piety under Fedhas
  3264 | D:7      | Found a sparkling altar of Nemelex Xobeh.
  3394 | D:7      | Reached skill level 4 in Fighting
  3492 | D:7      | Noticed a steam dragon
  3513 | D:7      | Killed a steam dragon
  3514 | D:7      | Reached XP level 8. HP: 27/61 MP: 10/10
  4084 | D:6      | Noticed Sigmund
  4164 | D:6      | Found a staircase to the Ecumenical Temple.
  4196 | D:6      | Killed Sigmund
  4197 | D:6      | Reached skill level 5 in Fighting
  4203 | Temple   | Entered the Ecumenical Temple
  4654 | D:5      | Entered Level 5 of the Dungeon
  4907 | D:5      | Reached ** piety under Fedhas
  4908 | D:5      | Reached XP level 9. HP: 68/68 MP: 12/12
  4926 | D:5      | Reached skill level 5 in Invocations
  5309 | D:5      | Noticed a two-headed ogre
  5382 | D:4      | Reached skill level 6 in Fighting
  5382 | D:4      | Noticed Pargi
  5391 | D:4      | Killed Pargi
  5392 | D:4      | Reached skill level 1 in Stealth
  6592 | D:8      | Reached *** piety under Fedhas
  6603 | D:8      | Noticed a two-headed ogre
  6608 | D:8      | Reached XP level 10. HP: 65/77 MP: 14/14
  6631 | D:8      | Killed a two-headed ogre
  6632 | D:8      | Reached skill level 7 in Fighting
  6632 | D:8      | Reached skill level 10 in Long Blades
  6821 | D:8      | Identified the +4 trident "Demonbane" {flame, Contam rC+
                  | rN+}
  6837 | D:8      | Noticed a cyclops
  6852 | D:8      | Killed a cyclops
  7127 | D:8      | Noticed a boulder beetle
  7469 | D:8      | Noticed a yaktaur
  7689 | D:8      | Killed a yaktaur
  8019 | D:8      | Identified the +7 short sword "Doteawutz" {vorpal, Int+4}
  8122 | D:8      | Found a radiant altar of Vehumet.
  8148 | D:8      | Reached skill level 8 in Fighting
  8206 | D:8      | Found a hazy altar of Hepliaklqana.
  8599 | D:8      | Noticed a rime drake
  8611 | D:8      | Killed a rime drake
  8612 | D:8      | Reached XP level 11. HP: 41/86 MP: 12/16
  9175 | D:9      | Noticed a two-headed ogre
  9201 | D:9      | Killed a two-headed ogre
  9451 | D:9      | Found a shimmering altar of Xom.
  9784 | D:9      | Found a staircase to the Orcish Mines.
  9856 | D:10     | Entered Level 10 of the Dungeon
  9882 | D:10     | Found a snail-covered altar of Cheibriados.
  9982 | D:10     | Noticed Amaemon
  9991 | D:10     | Killed Amaemon
  9994 | D:10     | Noticed a two-headed ogre
  9998 | D:10     | Reached skill level 5 in Dodging
 10002 | D:10     | Killed a two-headed ogre
 10003 | D:10     | Reached skill level 9 in Fighting
 10537 | D:10     | Found a basalt altar of Yredelemnul.
 10625 | D:10     | Reached XP level 12. HP: 89/95 MP: 14/17
 10741 | D:10     | Found a runed translucent door.
 10741 | D:10     | Noticed an ogre mage
 10914 | D:10     | Reached **** piety under Fedhas
 11371 | D:11     | Noticed Grum
 11409 | D:11     | Killed Grum
 11766 | D:11     | Paralysed by a floating eye for 3 turns
 11798 | D:11     | Paralysed by a hornet for 3 turns
 11808 | D:11     | Noticed a sixfirhy
 12166 | D:11     | Noticed a boulder beetle
 12215 | D:11     | Killed a boulder beetle
 12216 | D:11     | Reached skill level 10 in Fighting
 12622 | D:8      | Found a staircase to the Lair.
 12806 | Lair:1   | Entered Level 1 of the Lair of Beasts
 12993 | D:8      | Reached skill level 1 in Short Blades
 13440 | Lair:1   | Reached XP level 13. HP: 47/104 MP: 16/19
 13889 | Lair:1   | Noticed Joseph
 13900 | Lair:1   | Killed Joseph
 14600 | Lair:2   | Found a hole to the Spider Nest.
 15191 | Lair:2   | Noticed an eight-headed hydra
 15211 | Lair:2   | Killed an eight-headed hydra
 15212 | Lair:2   | Reached skill level 11 in Fighting
 15942 | Lair:2   | Reached skill level 1 in Shields
 16178 | Lair:3   | Found a staircase to the Swamp.
 16214 | Lair:3   | Noticed a four-headed hydra
 16230 | Lair:3   | Killed a four-headed hydra
 16349 | Lair:3   | Found a white marble altar of Elyvilon.
 16671 | Lair:3   | Noticed a five-headed hydra
 16683 | Lair:3   | Killed a five-headed hydra
 17331 | Lair:4   | Reached skill level 10 in Invocations
 17368 | Lair:4   | Found a runed translucent gate.
 17369 | Lair:4   | Found a runed translucent gate.
 17370 | Lair:4   | Found a runed translucent gate.
 17492 | Lair:4   | Noticed Snorg
 17515 | Lair:4   | Killed Snorg
 17516 | Lair:4   | Reached XP level 14. HP: 66/114 MP: 20/22
 17729 | Lair:4   | Found a snail-covered altar of Cheibriados.
 18239 | Lair:4   | Noticed Kinepo's ghost (journeyman FoFi)
 18248 | Lair:5   | Entered Level 5 of the Lair of Beasts
 18276 | Lair:4   | Reached skill level 12 in Fighting
 18393 | Lair:5   | Reached skill level 1 in Armour
 18563 | Lair:5   | Noticed Kirke
 18638 | Lair:4   | Killed Kirke
 18882 | Lair:5   | Reached skill level 13 in Fighting
 18884 | Lair:5   | Reached skill level 5 in Armour
 19190 | Lair:5   | Reached ***** piety under Fedhas
 19285 | Lair:5   | Found a viscous altar of Jiyva.
 19285 | Lair:5   | Found a staircase to the Slime Pits.
 19617 | Lair:5   | Reached XP level 15. HP: 113/125 MP: 20/23
 20171 | D:12     | Reached skill level 14 in Fighting
 21805 | D:13     | Found a gate to the Vaults.
 22523 | D:14     | Found a flickering gateway to a bazaar.
 22527 | Bazaar   | Entered a bazaar
 22527 | Bazaar   | Found Vidwuzyps's Weapon Shop.
 22527 | Bazaar   | Found Gaegiy's Antique Armour Boutique.
 22527 | Bazaar   | Found Difry's Distillery.
 22527 | Bazaar   | Found Ecetaz's Book Shop.
 22544 | Bazaar   | Bought 6 silver javelins for 216 gold pieces
 22546 | Bazaar   | Bought a potion of haste for 150 gold pieces
 22546 | Bazaar   | Bought a potion of invisibility for 120 gold pieces
 22546 | Bazaar   | Bought a potion of curing for 45 gold pieces
 22546 | Bazaar   | Bought a potion of curing for 45 gold pieces
 22602 | D:14     | Reached skill level 10 in Armour
 23204 | D:15     | Entered Level 15 of the Dungeon
 23393 | D:15     | Noticed Jorgrun
 23450 | D:15     | Killed Jorgrun
 23451 | D:15     | Reached XP level 16. HP: 134/134 MP: 22/25
 23669 | D:15     | Reached skill level 15 in Fighting
 23977 | D:15     | Identified the +0 leather armour "Sicsea Pucad" {rCorr
                  | Str-2 Int-4 SInv}
 24186 | D:15     | Found a staircase to the Depths.
 24376 | Orc:1    | Entered Level 1 of the Orcish Mines
 24581 | Orc:1    | Noticed bigduke15's ghost (journeyman MiFi)
 24584 | Orc:1    | Found a runed translucent door.
 24661 | Orc:1    | Reached ****** piety under Fedhas
 25066 | Orc:1    | Killed bigduke15's ghost
 25120 | Orc:2    | Entered Level 2 of the Orcish Mines
 25519 | Orc:2    | Found a staircase to the Elven Halls.
 25570 | Orc:2    | Reached skill level 10 in Dodging
 25733 | Orc:2    | Paralysed by an orc sorcerer for 5 turns
 26081 | Orc:2    | Found Plog's General Store.
 26082 | Orc:2    | Found Linusuyr's Jewellery Shop.
 26084 | Orc:2    | Found Xuirghu's Antique Armour Boutique.
 26084 | Orc:2    | Found Vamo Pya's Antique Weapon Boutique.
 26274 | Orc:2    | Bought the ring of Zumeittu {AC+4 Dex+5 SInv} for 807 gold
                  | pieces
 26297 | Orc:2    | Bought a shiny kite shield for 292 gold pieces
 26511 | Orc:2    | Bought a ring of poison resistance for 280 gold pieces
 26771 | Swamp:1  | Entered Level 1 of the Swamp
 26771 | Swamp:1  | Noticed olddryhag's ghost (adept DsGl)
 26771 | Swamp:1  | Found a transporter.
 26823 | Swamp:1  | Reached skill level 5 in Shields
 27304 | Swamp:1  | Reached skill level 16 in Fighting
 27346 | Swamp:1  | Found a transporter.
 27386 | Swamp:1  | Reached XP level 17. HP: 143/144 MP: 26/26
 27519 | Swamp:1  | Killed olddryhag's ghost
 28887 | Swamp:3  | Paralysed by a fenstrider witch for 2 turns
 29246 | Swamp:3  | Noticed a thorn hunter
 29258 | Swamp:3  | Noticed Donald
 29469 | Swamp:3  | Found a transporter.
 29483 | Swamp:3  | Found a bloodstained altar of Trog.
 29483 | Swamp:3  | Noticed Iffuusoj's ghost (adept MiBe)
 29496 | Swamp:3  | Found a transporter.
 29502 | Swamp:3  | Killed a thorn hunter
 29519 | Swamp:3  | Noticed Nikola
 30113 | Swamp:1  | Identified the +1 pair of gloves of Ruhetilu {*Slow +Inv
                  | rCorr Int-3}
 30453 | Swamp:1  | Reached skill level 10 in Shields
 30595 | Spider:1 | Entered Level 1 of the Spider Nest
 30608 | Spider:1 | Found a frozen archway.
 30626 | IceCv    | Entered an ice cave
 30726 | IceCv    | Identified the amulet of Life {RegenMP rPois}
 31071 | IceCv    | Reached skill level 17 in Fighting
 31193 | IceCv    | Found a viscous altar of Jiyva.
 31262 | IceCv    | Splashed with acid

Illustrated notes

Levels and vault maps discovered:
D:1:      minmay_arrival_nine_rooms, layout_loops_corners
D:2:      layout_rooms, basic_altar
D:3:      layout_loops_corners, mainiacjoe_overflow_paths, minmay_cut_off
D:4:      layout_rooms, zin_purify, minivault_24,
          nicolae_concentric_dashed_squares_wild, serial_park_tiny_pond,
          chequers_serial_rivers_micro_d, uniq_pargi
D:5:      layout_loops_ring, amcnicky_mini_rare_corridor_liquid
D:6:      layout_basic, minmay_temple_entry_mist, uniq_sigmund
D:7:      layout_cave_pools, lemuel_coloured_pillars_altar, minmay_crystal_room
D:8:      wad_statue_garden, layout_basic, mainiacjoe_overflow_catwalk_spiral,
          hellmonk_lair_entry_icy, kennysheep_generic_room_11
D:9:      layout_basic, mainiacjoe_overflow_24_doors, orc_0_dummy,
          nicolae_benzene_ring, hangedman_decor_lopped,
          wad_floor_pattern_untrapped, minivault_26
D:10:     layout_basic, nicolae_overflow_crystal_walls, slow_altar_1,
          small_statue_intersection, hangedman_abyss_or_decor_passed,
          minivault_13, uniq_amaemon
D:11:     hellmonk_paralyzer, layout_small_grid, uniq_grum
D:12:     layout_gridville, kennysheep_decorative_pillar
D:13:     layout_stronghold, erik_vaults_2
D:14:     layout_roguey, chequers_serial_rivers_room_a, serial_shops,
          bzr_in_the_mist
D:15:     grunt_enter_depths_hoard, layout_cave_pods, uniq_jorgrun
Temple:   zaba_magenta_temple
Lair:1:   layout_cave_pods, uniq_joseph
Lair:2:   layout_regular_city, hellmonk_spider_entry_not_the_bees
Lair:3:   layout_gridlike, skrybe_swamp_entry_bodies, basic_altar, st_stairs_10,
          grunt_megastairs_5
Lair:4:   layout_gridlike, gammafunk_ghost_necromancy, basic_altar,
          chequers_serial_rivers_micro_b, chequers_serial_rivers_micro_c,
          grunt_megastairs_1, uniq_snorg
Lair:5:   grunt_lair_end_beastmaster, layout_small_grid,
          dpeg_slime_entry_enclosed, uniq_kirke
Swamp:1:  layout_falls_marsh, gammafunk_ghost_berserking_beasts,
          evilmike_swamp_ruin_house_2
Swamp:2:  cheibrodos_swamp_heart_of_darkness, layout_basic_swamp,
          evilmike_swamp_ruin_house_1
Swamp:3:  layout_falls_marsh, gammafunk_ghost_wrathful_warriors,
          nicolae_swamp_feature_on_the_river_bank, swamp_pool1, uniq_nikola,
          uniq_donald
Spider:1: layout_spider_delve, portal_ice_cave_entry_frozen_things,
          hangedman_spider_tarantella_strand, uniq_azrael
Orc:1:    layout_diamond_mine, hellmonk_ghost_happy_afterlife,
          guppyfry_library_mini
Orc:2:    st_orc_congregation, layout_diamond_mine, nicolae_orc_flooded_monolith
IceCv:    ice_cave_hellmonk_azure_passage

Skill      XL: |  1  2  3  4  5  6  7  8  9 10 11 12 13 14 15 16 17 |
---------------+----------------------------------------------------+-----
Long Blades    | 4 5 6 8 9 11 13 14 | 14.0
Fighting       | 3 4 5 6 8 9 10 11 13 14 16 17 | 17.0
Invocations    | 1 2 3 4 5 7 8 10 11 12 13 | 13.1
Stealth        | 3 |  3.2
Dodging        | 5 7 8 9 10 | 10.2
Short Blades   | 3 4 |  4.0
Shields        | 4 6 11 | 11.1
Armour         | 6 10 11 | 11.0
Throwing       | |  2.9

Action                   |  1- 3 |  4- 6 |  7- 9 | 10-12 | 13-15 | 16-18 || total
-------------------------+-------+-------+-------+-------+-------+-------++-------
Melee: Long sword        |    73 |   147 |    90 |    21 |       |       ||   331
       Punch             |       |     1 |     5 |    10 |     1 |       ||    17
       Short sword       |       |       |   226 |   502 |   648 |    63 ||  1439
       Scimitar          |       |       |       |       |   400 |  1081 ||  1481
Throw: Throwing net      |       |     3 |       |     2 |     3 |       ||     8
       Boomerang         |       |    13 |    20 |    20 |    28 |    33 ||   114
       Javelin           |       |     2 |     1 |     2 |     1 |       ||     6
       Dart              |       |       |       |    53 |    72 |    12 ||   137
Invok: Grow Ballistomyce |       |       |       |     6 |    12 |     9 ||    27
       Wall of Briars    |       |       |       |     5 |     3 |     6 ||    14
       Grow Oklob        |       |       |       |       |       |     5 ||     5
Evoke: Wand              |       |       |     4 |     3 |     2 |     4 ||    13
  Use: Scroll            |     2 |     4 |     7 |    10 |    10 |    14 ||    47
       Potion            |       |     1 |     4 |     4 |     1 |     9 ||    19
 Stab: Sleeping          |     1 |     1 |     2 |     4 |     6 |     2 ||    16
       Invisible         |       |       |     5 |     1 |     4 |     3 ||    13
       Confused          |       |       |       |     4 |     3 |     5 ||    12
       Distracted        |       |       |       |       |     1 |       ||     1
Armor: Leather armour    |    22 |    65 |    76 |    13 |       |       ||   176
       Steam dragon scal |       |       |       |   106 |    36 |       ||   142
       Troll leather arm |       |       |       |       |   309 |   458 ||   767
Dodge: Dodged            |    52 |   108 |   168 |   284 |   649 |   848 ||  2109
Block: Buckler           |       |       |       |       |   214 |    89 ||   303
       Kite shield       |       |       |       |       |       |   986 ||   986
       Reflection        |       |       |       |       |       |     6 ||     6

Table legend: (Time is in decaauts)
 A = Elapsed time spent in this place.
 B = Non-inter-level travel time spent in this place.
 C = Inter-level travel time spent in this place.
 D = Time resting spent in this place.
 E = Time spent auto-exploring this place.
 F = Levels seen in this place.
 G = Mean time per level.
                   A        B        C        D        E       F      G
               +--------+--------+--------+--------+--------+-----+--------+
         Total |  30753 |  28491 |   2262 |   1737 |  20525 |  29 | 1060.4 |
       Dungeon |  17534 |  16515 |   1019 |    858 |  12568 |  15 | 1168.9 |
        Temple |     50 |     50 |      0 |     46 |      0 |   1 |   50.0 |
          Lair |   6521 |   5915 |    606 |    296 |   4446 |   5 | 1304.2 |
         Swamp |   3879 |   3566 |    313 |    536 |   2010 |   3 | 1293.0 |
   Spider Nest |     29 |     29 |      0 |      0 |      0 |   1 |   29.0 |
  Orcish Mines |   2110 |   1787 |    323 |      0 |   1220 |   2 | 1055.0 |
        Bazaar |     24 |     24 |      0 |      0 |      9 |   1 |   24.0 |
      Ice Cave |    603 |    603 |      0 |      0 |    271 |   1 |  603.0 |
               +--------+--------+--------+--------+--------+-----+--------+

Top non-repeatable levels by time:
     D:8: 2826 daAuts
 Swamp:1: 1676 daAuts
    D:11: 1443 daAuts
   Orc:2: 1391 daAuts
     D:9: 1372 daAuts
  Lair:1: 1362 daAuts
  Lair:4: 1356 daAuts
    D:10: 1293 daAuts
  Lair:3: 1279 daAuts
  Lair:5: 1275 daAuts
  Lair:2: 1248 daAuts
     D:7: 1238 daAuts
    D:13: 1189 daAuts
 Swamp:2: 1164 daAuts
    D:12: 1154 daAuts
